AoeStats
← zack

Arena

512918681Analyzed
2v2 RM · 4d ago on Oct 11, 2026· 42m 54s· 4 players
Game mode
Random Map
Map size
Medium (4 player)
Population
200
Speed
Normal
Resources
Standard
Victory
Conquest
Starting age
Dark Age
Ending age
Imperial Age
RankedLock teamsTeams togetherTeam positionsShared explorationLock speedFull tech treeHidden civsTurbo modeCheats
Victory
Defeat
🇨🇳 Magyars · China
1083
+17
🇧🇷 Japanese · Brazil
1075
+17
vs
🇨🇳 Gurjaras · China
1115
-17
🇨🇳 Khmer · China
1100
-17
阿黄
10:23 Feudal Age
12:06 Double-Bit Axe
14:23 Castle Age
12:59 Horse Collar
15:40 Bow Saw
16:18 Loom
22:38 Town Watch
24:39 Wheelbarrow
28:29 Imperial Age
26:12 Fletching
26:40 Hand Cart
26:22 Gold Mining
26:22 Stone Mining
26:49 Heavy Plow
26:56 Treadmill Crane
27:39 Town Patrol
28:24 Corvinian Army
29:09 Gold Shaft Mining
28:46 Bodkin Arrow
28:51 Padded Archer Armor
29:11 Thumb Ring
29:07 Heavy Cavalry Archer
30:17 Bracer
30:41 Ballistics
31:41 Two-Man Saw
31:00 Leather Archer Armor
31:31 Conscription
31:49 Husbandry
32:00 Bloodlines
32:24 Ring Archer Armor
32:43 Parthian Tactics
32:49 Scale Barding Armor
32:47 Recurve Bow
34:32 Chain Barding Armor
34:00 Elite Magyar Huszar
35:52 Chemistry
38:38 Crop Rotation
39:49 Hoardings
39:01 Light Cavalry
40:22 Masonry
40:49 Plate Barding Armor
40:58 Siege Engineers
40:41 Hussar
f.bdz
8:36 Feudal Age
9:07 Double-Bit Axe
9:05 Horse Collar
12:40 Wheelbarrow
17:43 Castle Age
17:13 Forging
17:03 Scale Mail Armor
18:51 Bow Saw
18:53 Padded Archer Armor
20:36 Loom
28:05 Arson
28:06 Gambesons
28:48 Pikeman
29:28 Squires
29:56 Hand Cart
29:27 Town Watch
30:13 Town Watch
30:55 Ballistics
30:29 Fletching
30:55 Leather Archer Armor
30:49 Gold Mining
30:22 Elite Skirmisher
31:36 Thumb Ring
31:39 Bodkin Arrow
32:04 Town Patrol
33:59 Iron Casting
33:39 Chain Mail Armor
33:42 Masonry
33:17 Treadmill Crane
33:48 Fortified Wall
33:35 Murder Holes
37:25 Imperial Age
35:30 Guard Tower
36:22 Yasama
38:55 Keep
38:26 Siege Engineers
39:28 Chemistry
38:59 Conscription
39:31 Halberdier
44:19 Blast Furnace
43:50 Plate Mail Armor
zack
10:48 Feudal Age
12:14 Double-Bit Axe
15:41 Castle Age
17:03 Bow Saw
16:34 Horse Collar
17:23 Gold Mining
23:44 Wheelbarrow
23:22 Stone Mining
24:39 Gold Shaft Mining
28:36 Imperial Age
26:27 Hand Cart
26:04 Town Watch
26:02 Treadmill Crane
26:46 Forging
28:57 Masonry
29:39 Iron Casting
29:24 Heavy Plow
30:02 Conscription
29:58 Fletching
31:03 Kshatriyas
31:02 Bodkin Arrow
31:10 Padded Archer Armor
31:22 Thumb Ring
31:41 Ballistics
32:24 Scale Barding Armor
32:44 Frontier Guards
32:23 Heavy Camel Rider
33:50 Bloodlines
34:27 Husbandry
34:54 Scale Mail Armor
36:07 Chain Barding Armor
37:48 Elite Shrivamsha Rider
39:45 Plate Barding Armor
Longlonglong
11:57 Feudal Age
16:08 Castle Age
14:25 Double-Bit Axe
14:23 Horse Collar
24:14 Stone Mining
27:14 Gold Mining
28:04 Stone Shaft Mining
28:13 Wheelbarrow
27:51 Bow Saw
27:43 Heavy Plow
28:45 Scale Barding Armor
28:50 Forging
32:29 Imperial Age
29:37 Pikeman
31:09 Hand Cart
30:42 Loom
31:37 Gold Shaft Mining
32:58 Husbandry
33:33 Chain Barding Armor
33:49 Iron Casting
32:44 Elite Battle Elephant
34:00 Elite Skirmisher
34:38 Elite Ballista Elephant
38:45 Bloodlines
37:55 Light Cavalry
Connection lost

Rejoining the realm…

Still unreachable

The connection could not be restored.

Session expired

The server has moved on; the page needs a fresh start.